 Dungeon Crawl Stone Soup version 0.18.1-1-g2f07953 (webtiles) character file.

19 M4edhros the Grave Robber (level 2, 0/17 HPs)
             Began as an Octopode Necromancer on May 7, 2016.
             Was an Initiate of Zin.
             Slain by a giant gecko (4 damage)
             ... on level 3 of the Dungeon.
             The game lasted 00:02:42 (352 turns).

M4edhros the Grave Robber (Octopode Necromancer)     Turns: 352, Time: 00:02:43

Health: 0/17       AC:  1    Str:  7    XL:     2   Next: 75%
Magic:  5/5        EV: 12    Int: 17    God:    Zin [......]
Gold:   3          SH:  0    Dex: 12    Spells: 2 memorised, 3 levels left

rFire  . . .     SeeInvis .     g - +3 dagger
rCold  . . .     Gourm    .     (no shield)
rNeg   . . .     Faith    .     (helmet restricted)
rPois  .         Spirit   .     (no amulet)
rElec  .         Dismiss  .     (no ring)
rCorr  .         Reflect  .     (no ring)
SustAt .         Harm     .     (no ring)
MR     .....                    (no ring)
Stlth  +++.......               (no ring)
                                (no ring)
                                (no ring)
                                (no ring)

@: not resistant to hostile enchantments, fairly stealthy
A: almost no armour, amphibious, 8 rings, constrict 8, camouflage 1, gelatinous
body 1
a: Donate Gold, Renounce Religion


You were on level 3 of the Dungeon.
You worshipped Zin.
Zin was noncommittal.
You were not hungry.

You visited 1 branch of the dungeon, and saw 3 of its levels.

You collected 17 gold pieces.
You donated 14 gold pieces to Zin.

Inventory:

Hand Weapons
 c - a +0 hunting sling
 g - a +3 dagger (weapon)
 h - a cursed +0 hunting sling
Scrolls
 d - a scroll of remove curse {unknown}
 e - a scroll of identify {unknown}
 k - a scroll of recharging {unknown}
 l - a scroll of enchant weapon {unknown}
Books
 a - a book of Necromancy

   Spells                             Type                      Level
   a - Pain                           Necromancy                   1
   b - Animate Skeleton               Necromancy                   1
   c - Vampiric Draining              Necromancy                   3
   d - Regeneration                   Charms/Necromancy            3
   e - Animate Dead                   Necromancy                   4
   f - Control Undead                 Necromancy                   4
   Zin disapproves of the use of such an item.
Comestibles
 b - a bread ration
 f - a slice of pizza
 i - a beef jerky
 j - 2 chunks of flesh


   Skills:
 - Level 2.0 Dodging
 - Level 2.6 Stealth
 + Level 2.2 Unarmed Combat
 - Level 2.0 Spellcasting
 - Level 4.0 Necromancy
 + Level 0.0 Invocations


You had 3 spell levels left.
You knew the following spells:

 Your Spells              Type           Power        Failure   Level  Hunger
a - Pain                  Necr           ###.         3%          1    #......
b - Animate Skeleton      Necr           N/A          3%          1    #......


Dungeon Overview and Level Annotations

Branches:
Dungeon (3/15)

Altars:
Makhleb
Ru
Trog
Zin


Innate Abilities, Weirdness & Mutations

You cannot wear most types of armour.
You are amphibious.
You can wear up to eight rings at the same time.
You can use your tentacles to constrict eight enemies at once.
Your skin changes colour to match your surroundings (Stealth).
Your rubbery body absorbs attacks (AC +1).


Message History

Found a burning altar of Makhleb.
There is a glowing silver altar of Zin here.
You curl up in front of the altar of Zin.
Zin welcomes you!
Your unholy and evil allies forsake you.
Your unclean and chaotic allies forsake you.
You pay a tithe of 1 gold.
You can now donate money to Zin.
Unknown command.
There is a glowing silver altar of Zin here.
You offer a prayer to Zin.
Zin is noncommittal.
Do you wish to donate half of your money?
Zin finds your generosity lacking.
Do you wish to donate half of your money?
Zin finds your generosity lacking.
A giant gecko comes into view.
A giant gecko comes into view.
The giant gecko bites you.
You die...

##..._## #_.....# ###
###..## ..# #+##..)..#
#.# #...###..###. #l#
....#.....⌠#.###.#
....###..###.....## #
....#8...._#....l.##.##..
....###..###....@........
....#....._#..#.#.#####.
....##8..8## ##..# #.#
.....##..##.## ##.# #.#
#...###.####.###..# #.#
##'###........#.#.# #.#
#.# #.####..#.##.# #.#
##.###.####.......#
#.########
...##.......##.####
#........#


You could see 2 giant geckos.

Vanquished Creatures
  A dart slug (D:2)
  A bat (D:2)
  A giant cockroach (D:2)
  6 goblins
  3 kobolds (D:2)
  3 rats
15 creatures vanquished.

Vanquished Creatures (others)
  A hobgoblin (D:3)
1 creature vanquished.

Grand Total: 16 creatures vanquished

Notes
Turn   | Place    | Note
--------------------------------------------------------------
     0 | D:1      | M4edhros the Octopode Necromancer began the quest for the Orb.
     0 | D:1      | Reached XP level 1. HP: 11/11 MP: 3/3
    67 | D:2      | Reached skill level 1 in Unarmed Combat
    77 | D:2      | Reached XP level 2. HP: 5/17 MP: 1/5
   161 | D:2      | Learned a level 1 spell: Animate Skeleton
   303 | D:3      | Found a glowing silver altar of Zin.
   310 | D:3      | Found a bloodstained altar of Trog.
   311 | D:3      | Found a sacrificial altar of Ru.
   315 | D:3      | Found a burning altar of Makhleb.
   325 | D:3      | Became a worshipper of Zin the Law-Giver
   331 | D:3      | Donated 9 gold pieces to Zin
   333 | D:3      | Donated 4 gold pieces to Zin
   352 | D:3      | Slain by a giant gecko

Skill      XL: |  1  2 |
---------------+-------+-----
Unarmed Combat | 1 2 |  2.2
Dodging        | |  2.0
Stealth        | |  2.6
Spellcasting   | |  2.0
Necromancy     | |  4.0

Action                   || total
-------------------------++-------
Melee: Unarmed           ||     9
       Constrict         ||     2
       Tentacles         ||     1
       Dagger            ||     5
 Cast: Pain              ||    13
       Animate Skeleton  ||     2
Invok: Donate Gold       ||     2
 Stab: Sleeping          ||     1
Armor: Skin              ||     1
Dodge: Dodged            ||     9
